 Dungeon Crawl Stone Soup version 0.29-a0-362-g5854e031c7 (webtiles) character file.

Game seed: 4759964062552612816

67 sammy202020 the Skirmisher (level 4, -14/36 HPs)
             Began as a Demonspawn Berserker on Apr 30, 2022.
             Was a Follower of Trog.
             Engulfed by a cloud of flame (18 damage)
             ... on level 2 of the Dungeon.
             The game lasted 00:03:27 (1921 turns).

sammy202020 the Skirmisher (Demonspawn Berserker)   Turns: 1921, Time: 00:03:28

Health: -14/36     AC: 26    Str: 17    XL:     4   Next: 0%
Magic:  4/4        EV:  7    Int: 10    God:    Trog [*.....]
Gold:   88         SH:  0    Dex: 13    Spells: 3/3 levels left

rFire   . . .      SeeInvis .   a - +0 hand axe
rCold   . . .      Faith    .   (no shield)
rNeg    . . .      Spirit   .   o - +18 Lear's hauberk
rPois   .          Reflect  .   (helmet currently unavailable)
rElec   .          Harm     .   (no cloak)
rCorr   .          Rampage  .   (gloves currently unavailable)
Will    .....                   (boots currently unavailable)
Stlth   ..........              (no amulet)
HPRegen 0.12/turn               (no ring)
MPRegen 0.09/turn               (no ring)

@: no status effects
A: demonic magic 1, demonic touch 1
a: Renounce Religion, Berserk


You were on level 2 of the Dungeon.
You worshipped Trog.
Trog was aware of your devotion.
You visited 1 branch of the dungeon, and saw 2 of its levels.

You collected 88 gold pieces.

Inventory:

Hand Weapons
 a - a +0 hand axe (weapon)
 n - a +0 mace
Missiles
 j - 3 poisoned darts (quivered)
Armour
 b - a +0 animal skin
 m - a +0 chain mail
 o - the +18 Lear's hauberk (worn)
   (You found it on level 2 of the Dungeon)
Jewellery
 c - an amulet of magic regeneration
Scrolls
 d - a scroll of fog
 i - a scroll of vulnerability
Potions
 e - a potion of haste {unknown}
 f - a potion of brilliance {unknown}
 g - 2 potions of curing
 k - a potion of degeneration {unknown}
 l - a potion of resistance {unknown}
 p - a potion of attraction {unknown}


   Skills:
 * Level 3.6 Fighting
 * Level 3.3 Axes
 + Level 2.2 Armour
 + Level 2.1 Dodging
 * Level 0.7 Unarmed Combat


You had 3 spell levels left.
You didn't know any spells.
Your spell library was empty.

Dungeon Overview and Level Annotations

Branches:
Dungeon (2/15)

Altars:


Innate Abilities, Weirdness & Mutations

Spells you cast may paralyse adjacent enemies.
Your touch may inflict minor irresistible damage on your foes.


Message History

[Y]es or [N]o only, please.
Really walk into a travel-excluded area?
Really walk into that cloud of flame?
You are engulfed in blazing flames.
You are engulfed in blazing flames.
You are engulfed in blazing flames.
* * * LOW HITPOINT WARNING * * *
You see here a +0 robe.
You see here a +0 chain mail.
You see here a +0 robe.
You see here a +0 chain mail.
m - a +0 chain mail You see here a +0 robe.
You now have 88 gold pieces (gained 11).
There are no items here.
You see here a +0 robe.
p - a pink potion
There are no items here.
As you read the scroll labelled ZEAKHEOSAO, it crumbles to dust.
It is a scroll of identify.
g - 2 potions of curing
Okay, then.
You start resting.
You start resting.
You start resting.
HP restored.
Really walk into a travel-excluded area?
Okay, then.
Really walk into a travel-excluded area?
Really walk into that cloud of flame?
Okay, then.
Unknown command.
Really walk into that cloud of flame?
You are engulfed in blazing flames.
Ouch! That really hurt!
You are engulfed in blazing flames.
* * * LOW HITPOINT WARNING * * *
You are engulfed in blazing flames.
Ouch! That really hurt!
You die...

.# ##########.## .#
##..)§§§§....# .##
#...#####..... ..## #°○°#
##<..# .#.######## #§○§#
###.## ###........ #§○§#
#.÷... .#.#######.
######...#####.#### ..##
#.####.§§☼.....☼○°..# # .##
.......@§°..[..○§)..# .#
#.###..○§§...(.☼§§.## '##
#.#####...###### ..## #.#
#○☼§# ...## ### #.# #○§.#
....## ##.###.# #☼§.#
.....####...##.#####...#######
.....'.......................+
.....####...##.####.......####


There were no monsters in sight!

Vanquished Creatures
  A hound (D:2)
  A dart slug (D:1)
  4 ball pythons
  2 bats (D:1)
  3 endoplasms (D:1)
  2 goblins (D:1)
  2 hobgoblins
  6 jackals (D:1)
  A quokka (D:2)
  2 frilled lizards (D:1)
  4 kobolds
  5 rats (D:1)
33 creatures vanquished.

Vanquished Creatures (others)
  A hobgoblin (D:2)
  A fungus (D:2)
  2 plants (D:2)
4 creatures vanquished.

Grand Total: 37 creatures vanquished

Notes
Turn   | Place    | Note
-------+----------+-------------------------------------------
     0 | D:1      | sammy202020 the Demonspawn Berserker began the quest for
                  | the Orb.
     0 | D:1      | Reached XP level 1. HP: 18/18 MP: 1/1
   406 | D:1      | Gained mutation: Spells you cast may paralyse adjacent
                  | enemies. [demonic ancestry]
   406 | D:1      | Reached XP level 2. HP: 24/24 MP: 2/2
  1014 | D:1      | Gained mutation: Your touch may inflict minor irresistible
                  | damage on your foes. [demonic ancestry]
  1014 | D:1      | Reached XP level 3. HP: 27/29 MP: 3/3
  1287 | D:2      | Found the +18 Lear's hauberk
  1475 | D:2      | Reached XP level 4. HP: 36/36 MP: 4/4
  1921 | D:2      | Engulfed by a cloud of flame

Illustrated notes

Levels and vault maps discovered:
D:1:      elethiomel_arrival_fortress_basement, layout_basic
D:2:      layout_loops_corners, dreamdust_ecumenical_altar_hidden_monk_grotto,
          lemuel_flame_loot_1

Skill      XL: |  1  2 |
---------------+-------+-----
Armour         | 2 |  2.2
Axes           | 3 |  3.3
Dodging        | 2 |  2.1
Fighting       | |  3.6
Unarmed Combat | |  0.7

Action                   |  1- 3 |  4- 6 || total
-------------------------+-------+-------++-------
Melee: Hand axe          |    96 |       ||    96
       Punch             |     2 |       ||     2
       Touch             |     3 |       ||     3
  Use: Scroll            |     4 |     1 ||     5
Armor: Animal skin       |    19 |       ||    19
       Chain mail        |     9 |     1 ||    10
Dodge: Dodged            |    69 |       ||    69

Table legend: (Time is in decaauts)
 A = Elapsed time spent in this place.
 B = Non-inter-level travel time spent in this place.
 C = Inter-level travel time spent in this place.
 D = Time resting spent in this place.
 E = Time spent auto-exploring this place.
 F = Levels seen in this place.
 G = Mean time per level.
                   A        B        C        D        E       F      G
               +--------+--------+--------+--------+--------+-----+--------+
         Total |   1936 |   1885 |     51 |    238 |   1335 |   2 |  968.0 |
       Dungeon |   1936 |   1885 |     51 |    238 |   1335 |   2 |  968.0 |
               +--------+--------+--------+--------+--------+-----+--------+

Top non-repeatable levels by time:
     D:1: 1191 daAuts
     D:2: 745 daAuts
